 Dungeon Crawl Stone Soup version 0.31-a0-1388-g4b2ba238e7 (webtiles) character file.

Game seed: 466244853817416402

70 MisterAzrael the Magician (level 4, -1/33 HPs)
             Began as a Djinni Fire Elementalist on Dec 25, 2023.
             Slain by an orc
             ... wielding a +0 mace
              (3 damage)
             ... on level 2 of the Dungeon.
             The game lasted 00:03:24 (1571 turns).

MisterAzrael the Magician (DjFE)                    Turns: 1571, Time: 00:03:25

Health: -1/33      AC:  4    Str:  5 (7)  XL:     4   Next: 45%
Gold:   80         EV: 12    Int: 18 (19) God:
                   SH:  0    Dex: 12 (13)

rFire   + + .        i - +3 spear
rCold   x . .        (no shield)
rNeg    . . .        a - +0 robe
rPois   ∞            (no helmet)
rElec   .            (no cloak)
rCorr   .            j - +1 pair of gloves
SInv    .            (boots unavailable)
Will    .....        (no amulet)
Stlth   ++           (no ring)
HPRegen 0.25/turn    (no ring)
MPRegen 0.00/turn

%: infuse magic (-2 HP)
@: flying
A: sickness immunity, fire resistance 2, cold vulnerability 1, float, innate
caster, HP casting, extra vitality 1
a: no special abilities


You were on level 2 of the Dungeon.
You visited 1 branch of the dungeon, and saw 2 of its levels.

You collected 80 gold pieces.

Inventory:

Hand Weapons
 i - a +3 spear (weapon)
Armour
 a - a +0 robe (worn)
 j - a +1 pair of gloves (worn)
Wands
 k - a wand of flame (24)
Scrolls
 b - 2 scrolls of butterflies {unknown}
 c - a scroll of fog {unknown}
 e - 2 scrolls of identify {unknown}
Potions
 d - a potion of attraction {unknown}
 f - a potion of mutation {unknown}
 g - a potion of degeneration
 h - a potion of curing {unknown}


   Skills:
 + Level 1.8 Fighting
 + Level 0.4 Polearms
 - Level 2.1 Dodging
 - Level 1.5 Stealth
 * Level 3.9 Spellcasting
 * Level 3.9 Conjurations
 * Level 3.9 Hexes
   Level 0.0 Charms
 * Level 3.9 Summonings
 * Level 3.9 Necromancy
 * Level 3.9 Translocations
   Level 0.0 Transmutations
 * Level 3.9 Fire Magic
 * Level 3.9 Ice Magic
 * Level 3.9 Air Magic
 * Level 3.9 Earth Magic
 * Level 3.9 Alchemy


You knew the following spells:

 Your Spells              Type           Power      Damage    Failure   Level
a - Foxfire               Conj/Fire      68%        2x1d7     3%          1
b - Scorch                Fire           34%        2d6       4%          2
c - Volatile Blastmotes   Fire/Tloc      34%        2d12      9%          3
d - Inner Flame           Hex/Fire       17%        N/A       9%          3
e - Flame Wave            Conj/Fire      17%        2d7       28%         4
f - Freeze                Ice            68%        1d8       3%          1
Your spell library was empty.

Dungeon Overview and Level Annotations

Branches:
Dungeon (2/15)

Altars:

Shops:
D:1 *[(*


Innate Abilities, Weirdness & Mutations

You are immune to sickness and miasma.
You are immune to poison.
Your flesh is very heat resistant. (rF++)
You are vulnerable to cold. (rC-)
You float through the air rather than walking.
You learn spells naturally, not from books.
Your magical power is your life essence.
You have superior vitality. (+4 MHP)


Message History

Your magical contamination has completely faded away.
Casting: Scorch (safe; 4% risk of failure)
Confirm with . or Enter, or press ? or * to list all spells.
Flames lash the orc.
* * * LOW HITPOINT WARNING * * *
The orc explodes!
It was a potion of degeneration.
There was something very wrong with that liquid.
You feel weakened.
You feel dopey.
You feel clumsy.
Reach: i) +3 spear
Press: ? - help, Dir - move target, f - orc
Aim: an orc, wielding a +0 flail (about 37% to evade your +3 spear)
You reach to attack!
You barely miss the orc.
Casting: Scorch (safe; 4% risk of failure)
Confirm with . or Enter, or press ? or * to list all spells.
Okay, then.
Casting: Scorch (safe; 4% risk of failure)
Confirm with . or Enter, or press ? or * to list all spells.
You conjure some foxfire!
* * * LOW HITPOINT WARNING * * *
The foxfire hits the orc.
The orc is severely wounded.
The foxfire hits the orc.
You kill the orc!
Casting: Foxfire (safe; 3% risk of failure)
Confirm with . or Enter, or press ? or * to list all spells.
You conjure some foxfire!
* * * LOW HITPOINT WARNING * * *
The foxfire hits the orc.
The orc is severely wounded.
The foxfire hits the orc but does no damage.
The orc is severely wounded.
The orc hits you with a +0 mace.
* * * LOW HITPOINT WARNING * * *
Casting: Foxfire (safe; 3% risk of failure)
Confirm with . or Enter, or press ? or * to list all spells.
You conjure some foxfire!
* * * LOW HITPOINT WARNING * * *
The orc hits you with a +0 mace.
You die...

#....# ##'###...........
###### #....#...........
#....#.%.........
#....#...........
#....#...........
###'###.>......... #.#.#
#...........
###v#.###...........
#.v@#........#######
#.#o#........#
#.#.#........#######
#.#.#.##...........#
#.#.#.##...........#
#.#)#..+...........#
#####'#'####...........#
#..........'...........'
#.....)...##...........#


You could see an orc (ally target).

Vanquished Creatures
  A gnoll (D:1)
  An adder (D:2)
  3 dart slugs
  4 orcs (D:2)
  4 endoplasms (D:1)
  A giant cockroach (D:1)
  2 goblins (D:1)
  4 hobgoblins
  5 kobolds (D:1)
  6 quokkas
  A frilled lizard (D:1)
  6 rats
38 creatures vanquished.

Vanquished Creatures (others)
  152 foxfires
152 creatures vanquished.

Grand Total: 190 creatures vanquished

Notes
Turn   | Place    | Note
-------+----------+-------------------------------------------
     0 | D:1      | MisterAzrael the Djinni Fire Elementalist began the quest
                  | for the Orb.
     0 | D:1      | MisterAzrael set off with the following spells memorised:
                  | Foxfire, Scorch, Volatile Blastmotes, Inner Flame, Flame
                  | Wave.
     0 | D:1      | Reached XP level 1. HP: 15/15 MP: 0/0
    67 | D:1      | Reached skill level 1 in Fighting
    67 | D:1      | Reached XP level 2. HP: 17/22 MP: 0/0
   225 | D:1      | Found Amoluvat's Weapon Shop.
   250 | D:1      | Found Vuci's Assorted Antiques.
   320 | D:1      | Reached XP level 3. HP: 25/27 MP: 0/0
   320 | D:1      | Learned a level 1 spell: Freeze
   337 | D:1      | Found Xaqis's General Store.
   418 | D:1      | Found a faded altar of an unknown god.
   545 | D:1      | Found Aguc's Armour Shoppe.
  1330 | D:2      | Reached XP level 4. HP: 31/32 MP: 0/0
  1571 | D:2      | Slain by an orc

Illustrated notes

Levels and vault maps discovered:
D:1:      mushboom_english_gardens, layout_basic,
          dreamdust_ecumenical_altar_grove, serial_shops,
          nicolae_shop_rolling_square, shop, shop, nicolae_shop_statue_plus,
          minmay_misc_feat_roman, wander_ebering_terrifying_dragon_lair
D:2:      layout_basic, minmay_tromino_v7

Skill      XL: |  1 |
---------------+----+-----
Fighting       | 1 |  1.8
Polearms       | |  0.4
Dodging        | |  2.1
Stealth        | |  1.5
Spellcasting   | |  3.9
Conjurations   | |  3.9
Hexes          | |  3.9
Summonings     | |  3.9
Necromancy     | |  3.9
Translocations | |  3.9
Fire Magic     | |  3.9
Ice Magic      | |  3.9
Air Magic      | |  3.9
Earth Magic    | |  3.9
Alchemy        | |  3.9

Action                     |  1- 3 |  4- 6 || total
---------------------------+-------+-------++-------
  Melee: Spear             |     2 |     8 ||    10
   Cast: Foxfire           |    85 |     9 ||    94
         Scorch            |       |     3 ||     3
         Inner Flame       |       |     2 ||     2
    Use: Potion            |       |     1 ||     1
 Armour: Robe              |     2 |    14 ||    16
  Dodge: Dodged            |     2 |    12 ||    14

Table legend: (Time is in decaauts)
 A = Elapsed time spent in this place.
 B = Non-inter-level travel time spent in this place.
 C = Inter-level travel time spent in this place.
 D = Time resting spent in this place.
 E = Time spent auto-exploring this place.
 F = Levels seen in this place.
 G = Mean time per level.
                   A        B        C        D        E       F      G
               +--------+--------+--------+--------+--------+-----+--------+
         Total |   1571 |   1498 |     73 |      0 |   1166 |   2 |  785.5 |
       Dungeon |   1571 |   1498 |     73 |      0 |   1166 |   2 |  785.5 |
               +--------+--------+--------+--------+--------+-----+--------+

Top non-repeatable levels by time:
     D:1: 1158 daAuts
     D:2: 413 daAuts
